Semilg, lawful female dwarven Valkyrie ---- |..| --- ---- --- ---- ----..--- ---.------- |..---.| --..| --.......| --.....--..|------ --......| ------- |...-- --........| |..........|-.--.-- ---.......-- --.|...-- --...--- |.......(.-- --........-|......----..........| |.......| --.....--|..........-- |......-----...............--.-- ..------......| |.......|--..........---- --......| --..............|--- |.|..| ---....| |......-- -----.........---......-|--- |.............-- -...----|.|..| |...---- --....^........GG...--.| --............| ----......--.--------..-- --....(......-#.......-- |...........--- --.......................-------------G........-#--...<...|--.............| |.............------.......h...G.G.df@G........G-----.---.--..........---.--- --.--.--......| |.....---..--------#....---....| --- |.........|..>| |...-- -------......-- ----..---...| ---......| |....| |-......----..-----..-- |........| --......-- |........---..--- |......-- |.%.-- |...| |....----- ---....| |............-- --....-- --...| --^-- --..-- |...-- -----........| ---.*| |...| --- |..| --..| --......-- ---- --.-- ---- ---- ---.---- --- --- Semilg the Skirmisher Experience level: 5 Strength: 21 Dexterity: 13 Constitution: 15 Intelligence: 7 Wisdom: 9 Charisma: 9 Health: 67(72) Energy: 1(1) Def: 0 Gold: 515 Moves: 3975 Dungeon seed: VEGev52VHF_x19ek Game ID: Semilg_1631023963 Your Inventory: Coins $ - 515 gold pieces Weapons a - an uncursed +1 long sword (weapon in hand) b - 2 uncursed +0 daggers j - an uncursed poisoned +0 dart (in quiver) t - an uncursed +0 orcish dagger v - an uncursed +0 aklys x - 2 uncursed +1 daggers A - 4 blessed +1 arrows B - an uncursed +0 bow C - 16 uncursed +0 arrows D - an uncursed +0 bow Q - an uncursed +0 crossbow R - an uncursed +0 bow S - 16 uncursed +0 darts Armor e - an uncursed burnt +4 small shield E - an uncursed +0 dwarvish cloak F - a blessed +0 pair of iron shoes U - a blessed +0 dwarvish cloak V - an uncursed +0 orcish helm Comestibles c - an uncursed food ration Scrolls X - an uncursed scroll of light Wands Z - a blessed wand of secret door detection (0:12) Tools d - an uncursed oil lamp (0:1261) p - a cursed bag of holding s - an uncursed oil lamp (lit) (0:395) u - a cursed blindfold w - an uncursed wax candle (0:400) G - an uncursed +0 pick-axe H - an uncursed +0 pick-axe J - a cursed wax candle (0:400) M - 5 cursed tallow candles (0:200) P - an uncursed magic whistle T - an uncursed sack Gems n - 5 uncursed worthless pieces of violet glass q - an uncursed obsidian stone r - 5 uncursed worthless pieces of orange glass y - 5 uncursed worthless pieces of red glass z - 2 uncursed sapphires N - an uncursed worthless piece of yellow glass W - an uncursed worthless piece of blue glass Y - 23 uncursed rocks Spells and supernatural/magical abilities: Name Level Category Cost Memory W - pray for help -- divine ? -- Your skills at the end: Fighting Skills wands [Basic] Weapon Skills dagger [Basic] long sword [Basic] Spellcasting Skills Final Attributes: You were piously aligned. You were immune to cold. You were poison resistant. You had infravision. You were visible. You were stealthy. You aggravated monsters. Tyr was noncommittal. You are dead. Vanquished creatures: a leprechaun an orc mummy a water nymph a mountain nymph a fog cloud a yellow light 2 violet fungi a gnomish wizard a gray ooze a baby crocodile a little dog a kobold lord a kobold shaman 2 hill orcs a giant bat an orc zombie 4 iguanas an acid blob a hobbit a hobgoblin a giant rat a brown mold a yellow mold 2 red molds 8 gnomes 2 geckos 6 jackals a fox 2 kobolds a grid bug 3 lichens 3 newts 56 creatures vanquished. Voluntary challenges: You had followed a strict vegan diet until turn 3475. You had followed a strict vegetarian diet until turn 3475. You had been an atheist until turn 2541. You used a wielded weapon 43 times, starting on turn 255. You read items or engraved 5 times, starting on turn 1689. You never genocided any monsters. You never polymorphed an object. You never changed form. You used no wishes. You never split a pudding. You never wrote Elbereth's name. You never violated your personal moral code. Dungeon overview: The Dungeons of Doom: levels 1 to 2 Level 1 a long staircase Level 2 a vault stairs to The Gnomish Mines The Gnomish Mines: levels 3 to 9 Level 3 stairs to The Dungeons of Doom Level 4 Level 5 Level 6 many shops, a temple to Tyr, some fountains Level 7 Level 8 <- You were here Level 9 History has recorded: On T:1 you entered the Dungeons of Doom to retrieve the Amulet of Yendor! On T:131 you reached level 2 of The Dungeons of Doom. On T:348 you reached level 1 of The Gnomish Mines. On T:760 you advanced to experience level 2. On T:991 you reached level 2 of The Gnomish Mines. On T:1067 you reached level 3 of The Gnomish Mines. On T:1091 you advanced to experience level 3. On T:1253 you reached level 4 of The Gnomish Mines. On T:2569 you advanced to experience level 4. On T:2825 you reached level 5 of The Gnomish Mines. On T:3200 you reached level 6 of The Gnomish Mines. On T:3711 you reached level 7 of The Gnomish Mines. On T:3959 you advanced to experience level 5. Score breakdown: Gold: 515 ( 9227 points) Experience: 5 levels (11141 points) Exploration: 9 levels ( 17.65%) (12000 points) Discoveries: 11 items ( 4.40%) ( 6292 points) Valuables value: (no points given unless you survive) Artifact value: 0 ( 0 points) Variety of kills: 32 monsters ( 8.42%) ( 8705 points) Turncount: 3975 turns (-1015 points) Survival: died (score multiplied by 80%) Total score: 37080 Latest messages: You stop. The watchman is in the way! There are a few objects here. Ulch! That meat was tainted! You feel deathly sick. [2 turns] You displace the watchman. You displace the dwarf. The housecat picks up a mummy wrapping. The housecat displaces the dwarf. [2 turns] The housecat displaces the dwarf. The dog displaces the dwarf. The housecat drops a mummy wrapping. [2 turns] You stop. The gnome lady is in the way! You die from your illness. The bag of holding is empty. The sack is empty. The bag of holding is empty. The sack is empty. Final status: Farvel Semilg the Valkyrie, poisoned by a rotted male orc corpse... You were poisoned in The Gnomish Mines on dungeon level 8 with 37080 points, and 515 pieces of gold, after 3975 moves. You were level 5 with a maximum of 72 hit points when you were poisoned.